TOP OF THE 1ST |
Chicago Machine batting - Pitching for Kansas City Kings : RHP Carlos Pacheco
|
Pitching: RHP Carlos Pacheco
|
|
Batting: RHB Roberto Cardona
|
0-0: Swinging Strike 0-1: Ground out 5-3 (Groundball, 56S)
|
Batting: SHB Edward Bartlett
|
0-0: Fly out, F8 (Flyball, 8LS)
|
Batting: RHB Doug Stephens
|
0-0: Ball 1-0: Called Strike 1-1: Ball 2-1: Ball 3-1: Foul Ball, location: 2F 3-2: Ground out 5-3 (Groundball, 56S)
|
Top of the 1st over - 0 run(s), 0 hit(s), 0 error(s), 0 left on base; Chicago 0 - Kansas City 0 |
BOTTOM OF THE 1ST |
Kansas City Kings batting - Pitching for Chicago Machine : RHP Geoffrey Keller
|
Pitching: RHP Geoffrey Keller
|
|
Batting: RHB Chris Chandler
|
0-0: Foul Ball, location: 2F 0-1: Foul Ball, location: 2F 0-2: Ball 1-2: Ball 2-2: Foul Ball, location: 2F 2-2: Ball 3-2: Foul Ball, location: 2F 3-2: Fly out, F8 (Line Drive, 8LM)
|
Batting: LHB Howard Lambert
|
0-0: Ball 1-0: Foul Ball, location: 2F 1-1: Swinging Strike 1-2: Foul Ball, location: 2F 1-2: Ball 2-2: SINGLE (Line Drive, 8LS)
|
Batting: RHB Toshimichi Kono
|
0-0: Called Strike 0-1: Ball 1-1: Foul Ball, location: 2F 1-2: Ball Howard Lambert steals 2nd base 2-2: SINGLE (Flyball, 7LM) Howard Lambert to third
|
Batting: SHB José Cruz
|
0-0: Called Strike 0-1: Fly out, F7 (Flyball, 7LDF) Runner from 3rd tags up, SCORES, no throw
|
Batting: LHB Brian Boone
|
0-0: Called Strike 0-1: SINGLE (Groundball, 3D) Toshimichi Kono to second Runner from 2nd tries for 3rd, OUT!
|
Bottom of the 1st over - 1 run(s), 3 hit(s), 0 error(s), 1 left on base; Chicago 0 - Kansas City 1 |
TOP OF THE 2ND |
Chicago Machine batting - Pitching for Kansas City Kings : RHP Carlos Pacheco
|
Batting: LHB Kiyonaga Morita
|
0-0: Foul Ball, location: 2F 0-1: Ball 1-1: Swinging Strike 1-2: Ball 2-2: Foul Ball, location: 2F 2-2: Strikes out swinging
|
Batting: RHB Matt Doyle
|
0-0: Ball 1-0: Ball 2-0: Swinging Strike 2-1: Foul Ball, location: 2F 2-2: Strikes out looking
|
Batting: SHB Joaquín López
|
0-0: Fly out, F6 (Popup, 6MS)
|
Top of the 2nd over - 0 run(s), 0 hit(s), 0 error(s), 0 left on base; Chicago 0 - Kansas City 1 |
BOTTOM OF THE 2ND |
Kansas City Kings batting - Pitching for Chicago Machine : RHP Geoffrey Keller
|
Batting: SHB António De La Cruz
|
0-0: Ball 1-0: Fly out, F5 (Popup, 5)
|
Batting: LHB Bruno Lalonde
|
0-0: Ball 1-0: Ball 2-0: Ball 3-0: Called Strike 3-1: Ball
|
Batting: SHB John Miller
|
0-0: Called Strike 0-1: Ball Bruno Lalonde is caught stealing 2nd base 1-1: Swinging Strike 1-2: Ball 2-2: Foul Ball, location: 2F 2-2: Ball 3-2: Fly out, F7 (Flyball, 78M)
|
Bottom of the 2nd over - 0 run(s), 0 hit(s), 0 error(s), 0 left on base; Chicago 0 - Kansas City 1 |
TOP OF THE 3RD |
Chicago Machine batting - Pitching for Kansas City Kings : RHP Carlos Pacheco
|
Batting: SHB Jesús Ramírez
|
0-0: Called Strike 0-1: SOLO HOME RUN (Flyball, 9D), Distance : 428 ft
|
Batting: LHB Eric Wheeler
|
0-0: Ball 1-0: Called Strike 1-1: Foul Ball, location: 2F 1-2: Ball 2-2: Fly out, F4 (Line Drive, 4)
|
Batting: RHB Sam Wallace
|
0-0: Ball 1-0: Called Strike 1-1: Ground out 6-3 (Groundball, 6)
|
Batting: RHB Roberto Cardona
|
0-0: Ball 1-0: Called Strike 1-1: Swinging Strike 1-2: Ball 2-2: Ball 3-2: Foul Ball, location: 2F 3-2: Ground out 4-3 (Groundball, 4M)
|
Top of the 3rd over - 1 run(s), 1 hit(s), 0 error(s), 0 left on base; Chicago 1 - Kansas City 1 |
BOTTOM OF THE 3RD |
Kansas City Kings batting - Pitching for Chicago Machine : RHP Geoffrey Keller
|
Batting: RHB Raúl Bruno
|
0-0: Foul Ball, location: 2F 0-1: Ground out 5-3 (Groundball, 56S)
|
Batting: RHB Chris Chandler
|
0-0: Called Strike 0-1: Ball 1-1: Foul Ball, location: 2F 1-2: Reached on error, E6 (Popup, 5D)
|
Batting: LHB Howard Lambert
|
0-0: Ball Throwing error on steal attempt, E2 Chris Chandler to third 1-0: Ground out 4-3 (Groundball, 4) Chris Chandler scores
|
Batting: RHB Toshimichi Kono
|
0-0: Ball 1-0: Ground out 1-3 (Groundball, 15S)
|
Bottom of the 3rd over - 1 run(s), 0 hit(s), 2 error(s), 0 left on base; Chicago 1 - Kansas City 2 |
TOP OF THE 4TH |
Chicago Machine batting - Pitching for Kansas City Kings : RHP Carlos Pacheco
|
Batting: SHB Edward Bartlett
|
0-0: Foul Ball, location: 2F 0-1: Foul Ball, location: 2F 0-2: Ball 1-2: Foul Ball, location: 2F 1-2: Strikes out swinging
|
Batting: RHB Doug Stephens
|
0-0: Ball 1-0: Ball 2-0: Called Strike 2-1: Swinging Strike 2-2: Strikes out swinging
|
Batting: LHB Kiyonaga Morita
|
0-0: Ball 1-0: Called Strike 1-1: Foul Ball, location: 2F 1-2: Ball 2-2: Foul Ball, location: 2F 2-2: Fly out, F7 (Flyball, 7S)
|
Top of the 4th over - 0 run(s), 0 hit(s), 0 error(s), 0 left on base; Chicago 1 - Kansas City 2 |
BOTTOM OF THE 4TH |
Kansas City Kings batting - Pitching for Chicago Machine : RHP Geoffrey Keller
|
Batting: SHB José Cruz
|
0-0: Called Strike 0-1: Foul Ball, location: 2F 0-2: Ball 1-2: Ground out 3-1 (Groundball, 34)
|
Batting: LHB Brian Boone
|
0-0: SOLO HOME RUN (Flyball, 9D), Distance : 389 ft
|
Batting: SHB António De La Cruz
|
0-0: Ball 1-0: Ball 2-0: Ball 3-0: Called Strike 3-1: Foul Ball, location: 2F 3-2: Fly out, F6 (Popup, 56D)
|
Batting: LHB Bruno Lalonde
|
0-0: Ball 1-0: Called Strike 1-1: Foul Ball, location: 2F 1-2: Foul Ball, location: 2F 1-2: Foul Ball, location: 2F 1-2: Foul Ball, location: 2F 1-2: Ball 2-2: Fly out, F7 (Flyball, 78S)
|
Bottom of the 4th over - 1 run(s), 1 hit(s), 0 error(s), 0 left on base; Chicago 1 - Kansas City 3 |
TOP OF THE 5TH |
Chicago Machine batting - Pitching for Kansas City Kings : RHP Carlos Pacheco
|
Batting: RHB Matt Doyle
|
0-0: Ball 1-0: Ball 2-0: Fly out, F2 (Popup, 2R)
|
Batting: SHB Joaquín López
|
0-0: Called Strike 0-1: Called Strike 0-2: Strikes out swinging
|
Batting: SHB Jesús Ramírez
|
0-0: Ball 1-0: Swinging Strike 1-1: Foul Ball, location: 2F 1-2: Strikes out swinging
|
Top of the 5th over - 0 run(s), 0 hit(s), 0 error(s), 0 left on base; Chicago 1 - Kansas City 3 |
BOTTOM OF THE 5TH |
Kansas City Kings batting - Pitching for Chicago Machine : RHP Geoffrey Keller
|
Batting: SHB John Miller
|
0-0: Foul Ball, location: 2F 0-1: Fly out, F8 (Flyball, 8LD)
|
Batting: RHB Raúl Bruno
|
0-0: Ground out 3-1 (Groundball, 34S)
|
Batting: RHB Chris Chandler
|
0-0: Ball 1-0: Ball 2-0: Foul Ball, location: 2F 2-1: Ground out 6-3 (Groundball, 56)
|
Bottom of the 5th over - 0 run(s), 0 hit(s), 0 error(s), 0 left on base; Chicago 1 - Kansas City 3 |
TOP OF THE 6TH |
Chicago Machine batting - Pitching for Kansas City Kings : RHP Carlos Pacheco
|
Batting: LHB Eric Wheeler
|
0-0: Ball 1-0: Ball 2-0: Called Strike 2-1: Hit by Pitch
|
Batting: RHB Sam Wallace
|
0-0: Ball 1-0: Called Strike 1-1: Ball 2-1: Ball 3-1: Called Strike 3-2: Base on Balls Eric Wheeler to second
|
Batting: RHB Roberto Cardona
|
0-0: Called Strike 0-1: Ball 1-1: Grounds into double play, 4-6-3 (Groundball, 4) Eric Wheeler to third
|
Batting: SHB Edward Bartlett
|
0-0: Foul Ball, location: 2F 0-1: Called Strike 0-2: Strikes out swinging
|
Top of the 6th over - 0 run(s), 0 hit(s), 0 error(s), 1 left on base; Chicago 1 - Kansas City 3 |
BOTTOM OF THE 6TH |
Kansas City Kings batting - Pitching for Chicago Machine : RHP Geoffrey Keller
|
Batting: LHB Howard Lambert
|
0-0: Foul Ball, location: 2F 0-1: Foul Ball, location: 2F 0-2: Fly out, F9 (Flyball, 9S)
|
Batting: RHB Toshimichi Kono
|
0-0: Ball 1-0: Foul Ball, location: 2F 1-1: Ball 2-1: Ground out 5-3 (Groundball, 56S)
|
Batting: SHB José Cruz
|
0-0: Swinging Strike 0-1: Hit by Pitch
|
Batting: LHB Brian Boone
|
0-0: Called Strike 0-1: Ball 1-1: 2-RUN HOME RUN (Flyball, 9LD), Distance : 384 ft
|
Batting: SHB António De La Cruz
|
0-0: Ball 1-0: Called Strike 1-1: SINGLE (Groundball, 4MD)
|
Batting: LHB Bruno Lalonde
|
0-0: Ball 1-0: Foul Ball, location: 2F 1-1: Swinging Strike 1-2: Strikes out swinging
|
Bottom of the 6th over - 2 run(s), 2 hit(s), 0 error(s), 1 left on base; Chicago 1 - Kansas City 5 |
TOP OF THE 7TH |
Chicago Machine batting - Pitching for Kansas City Kings : RHP Carlos Pacheco
|
Batting: RHB Doug Stephens
|
0-0: SOLO HOME RUN (Flyball, 78XD), Distance : 379 ft
|
Batting: LHB Kiyonaga Morita
|
0-0: Ball 1-0: Ball 2-0: Ball 3-0: Base on Balls
|
Batting: RHB Matt Doyle
|
0-0: Grounds into double play, 1-6-3 (Groundball, 13S)
|
Batting: SHB Joaquín López
|
0-0: Swinging Strike 0-1: SINGLE (Line Drive, 7LM)
|
Batting: SHB Jesús Ramírez
|
0-0: Ball 1-0: Ball 2-0: Called Strike 2-1: SINGLE (Flyball, 89S) Joaquín López to second
|
Batting: LHB Eric Wheeler
|
0-0: Ball 1-0: Ball 2-0: Foul Ball, location: 2F 2-1: Foul Ball, location: 2F 2-2: Ball 3-2: Strikes out swinging
|
Top of the 7th over - 1 run(s), 3 hit(s), 0 error(s), 2 left on base; Chicago 2 - Kansas City 5 |
BOTTOM OF THE 7TH |
Kansas City Kings batting - Pitching for Chicago Machine : RHP Geoffrey Keller
|
Batting: SHB John Miller
|
0-0: Foul Ball, location: 2F 0-1: Ball 1-1: Ball 2-1: Swinging Strike 2-2: Ball 3-2: Foul Ball, location: 2F 3-2: Strikes out swinging
|
Batting: RHB Raúl Bruno
|
0-0: Ball 1-0: Ball 2-0: Foul Ball, location: 2F 2-1: Ball 3-1: Ground out U3 (Groundball, 3)
|
Batting: RHB Chris Chandler
|
0-0: SINGLE (Line Drive, 6MD)
|
Pitching: LHP Austin Wall
|
|
Batting: LHB Howard Lambert
|
0-0: Ball 1-0: Called Strike 1-1: Ball Chris Chandler is caught stealing 2nd base
|
Bottom of the 7th over - 0 run(s), 1 hit(s), 0 error(s), 0 left on base; Chicago 2 - Kansas City 5 |
TOP OF THE 8TH |
Chicago Machine batting - Pitching for Kansas City Kings : RHP Carlos Pacheco
|
Pitching: RHP Mike Hodges
|
|
Batting: RHB Sam Wallace
|
0-0: DOUBLE (Line Drive, 78XD)
|
Pitching: RHP Nariaki Tanaka
|
|
Batting: RHB Roberto Cardona
|
0-0: Called Strike 0-1: Fly out, F7 (Line Drive, 7)
|
Pitching: RHP Adrián Serrano
|
|
Batting: SHB Edward Bartlett
|
0-0: Called Strike 0-1: Ball 1-1: Ball 2-1: Swinging Strike 2-2: Strikes out swinging
|
Batting: RHB Doug Stephens
|
0-0: Called Strike 0-1: Ball 1-1: Called Strike 1-2: Ball 2-2: Ball 3-2: Ground out 5-3 (Groundball, 5)
|
Top of the 8th over - 0 run(s), 1 hit(s), 0 error(s), 1 left on base; Chicago 2 - Kansas City 5 |
BOTTOM OF THE 8TH |
Kansas City Kings batting - Pitching for Chicago Machine : LHP Austin Wall
|
Batting: LHB Howard Lambert
|
0-0: Ball 1-0: Called Strike 1-1: Called Strike 1-2: Ball 2-2: Strikes out swinging
|
Batting: RHB Toshimichi Kono
|
0-0: Called Strike 0-1: Called Strike 0-2: Foul Ball, location: 2F 0-2: Fly out, F9 (Flyball, 9S)
|
Batting: SHB José Cruz
|
0-0: Ball 1-0: Ball 2-0: Ball 3-0: Base on Balls
|
Batting: LHB Brian Boone
|
0-0: Ball 1-0: Ball 2-0: Ball 3-0: Base on Balls José Cruz to second
|
Batting: SHB António De La Cruz
|
0-0: Ball 1-0: Foul Ball, location: 2F 1-1: Ball 2-1: Ball 3-1: Base on Balls José Cruz to third Brian Boone to second
|
Pinch Hitting: RHB Ronald Parsons
|
0-0: Ball 1-0: Called Strike 1-1: Ball 2-1: SINGLE (Groundball, 4MD) José Cruz scores Brian Boone to third António De La Cruz to second Runner from 3rd tries for Home, SAFE, no throw
|
Batting: SHB John Miller
|
0-0: Ground out 5-3 (Groundball, 5S)
|
Bottom of the 8th over - 2 run(s), 1 hit(s), 0 error(s), 2 left on base; Chicago 2 - Kansas City 7 |
TOP OF THE 9TH |
Chicago Machine batting - Pitching for Kansas City Kings : RHP Adrián Serrano
|
Pitching: LHP Ignacio Colón
|
|
Now in LF: Ray Spencer
|
|
Batting: LHB Kiyonaga Morita
|
0-0: Ball 1-0: Ball 2-0: Fly out, F6 (Popup, 6MD)
|
Batting: RHB Matt Doyle
|
0-0: Foul Ball, location: 2F 0-1: Ball 1-1: Foul Ball, location: 2F 1-2: Ball 2-2: Ground out 4-3 (Groundball, 4)
|
Batting: SHB Joaquín López
|
0-0: Called Strike 0-1: Called Strike 0-2: Ball 1-2: Ground out 1-3 (Groundball, 15S)
|
Top of the 9th over - 0 run(s), 0 hit(s), 0 error(s), 0 left on base; Chicago 2 - Kansas City 7 |
|